 Dungeon Crawl Stone Soup version 0.30-a0-883-g5ad918d77d (webtiles) character file.

Game seed: 455938052349699669

1794 jasper the Insei (level 8, -2/62 HPs)
             Began as a Demonspawn Gladiator on Mar 15, 2023.
             Was a Believer of Okawaru.
             Slain by an orc warrior
             ... wielding a +0 dire flail
              (7 damage)
             ... on level 6 of the Dungeon.
             The game lasted 00:09:03 (5521 turns).

jasper the Insei (Demonspawn Gladiator)             Turns: 5521, Time: 00:09:03

Health: -2/62      AC: 10    Str: 15    XL:     8   Next: 82%
Magic:  10/10      EV: 10    Int: 12    God:    Okawaru [**....]
Gold:   159        SH:  9    Dex: 16    Spells: 7/7 levels left

rFire   . . .      SeeInvis +      - Unarmed
rCold   + . .      Faith    .    m - +0 kite shield
rNeg    . . .      Spirit   .    r - +5 ring mail "Ritaitoi" {rC+ Int+2}
rPois   .          Reflect  .    (helmet restricted)
rElec   .          Rampage  .    (cloak unavailable)
rCorr   .                        (no gloves)
Will    .....                    (no boots)
Stlth   +                        (no amulet)
HPRegen 0.30/turn                n - ring of see invisible
MPRegen 0.12/turn                (no ring)

@: no status effects
A: antennae 1, demonic magic 1, weakness stinger 3, demonic touch 1
a: Renounce Religion, Heroism


You were on level 6 of the Dungeon.
You worshipped Okawaru.
Okawaru was pleased with you.
You visited 2 branches of the dungeon, and saw 7 of its levels.

You collected 279 gold pieces.
You spent 120 gold pieces at shops.

Inventory:

Missiles
 c - 4 silver javelins
 d - a javelin
 g - 24 stones (quivered)
Armour
 a - a +0 leather armour
 b - a +0 helmet
 i - +1 fire dragon scales
 j - a +0 scale mail
 m - a +0 kite shield (worn)
 r - the +5 ring mail "Ritaitoi" (worn) {rC+ Int+2}
   (You found it on level 4 of the Dungeon)

   Int:       It affects your intelligence (+2).
   rC:        It protects you from cold.
Jewellery
 n - a ring of see invisible (left hand)
Scrolls
 e - 4 scrolls of teleportation
 f - 3 scrolls of immolation
 k - a scroll of enchant weapon {unknown}
 o - 4 scrolls of fog
 q - a scroll of amnesia
 t - a scroll of fear {unknown}
Potions
 h - a potion of curing
 l - a potion of degeneration
 s - a potion of resistance {unknown}
 u - a potion of lignification {unknown}


   Skills:
 + Level 5.3 Fighting
 - Level 3.0 Throwing
 + Level 4.0 Armour
 - Level 2.6 Dodging
 + Level 4.0 Shields
 * Level 6.8 Unarmed Combat
 - Level 3.0 Invocations


You had 7 spell levels left.
You didn't know any spells.
Your spell library contained the following spells:

 Spells                   Type           Power      Damage    Failure   Level
 Ensorcelled Hibernation  Hex/Ice        0%         N/A       96%         2
 Passwall                 Tmut/Erth      0%         N/A       96%         2
 Swiftness                Air            0%         N/A       99%         3


Dungeon Overview and Level Annotations

Branches:
Dungeon (6/15)             Temple (1/1) D:4

Altars:
Cheibriados
Gozag
Kikubaaqudgha
Makhleb
Nemelex Xobeh
Okawaru
Qazlal
Ru
Sif Muna
Trog
Uskayaw
Vehumet
Wu Jian
Xom
Yredelemnul

Shops:
D:4 ((*


Innate Abilities, Weirdness & Mutations

You have a pair of small antennae on your head.
Spells you cast may paralyse adjacent enemies.
You have a sharp stinger which inflicts weakening toxins.
Your touch may inflict minor irresistible damage on your foes.


Message History

You closely miss the orc warrior. You block the orc warrior's attack.
You barely miss the orc warrior.
The orc warrior hits you with a +0 dire flail!
You block the orc warrior's attack.
You take 13 damage, and have 22/62 hp.
MASSIVE DAMAGE!!
You hit the orc warrior.
The orc warrior is lightly wounded.
The orc warrior hits you with a +0 dire flail!
* * * LOW HITPOINT WARNING * * *
You take 9 damage, and have 13/62 hp.
The orc warrior attacks as you move away!
The orc warrior barely misses you.
Okay, then.
Okay, then.
You are confused.
You feel invigorated.
The orc warrior hits you with a +0 dire flail!
* * * LOW HITPOINT WARNING * * *
You take 11 damage, and have 3/62 hp.
You regained 4 hp, and now have 7/62 hp.
The orc warrior attacks as you move away!
The orc warrior misses you.
You feel less invigorated.
You feel less confused.
You regained 3 hp, and now have 10/62 hp.
The orc warrior attacks as you move away!
You block the orc warrior's attack.
You feel better.
The orc warrior hits you with a +0 dire flail!
* * * LOW HITPOINT WARNING * * *
You take 3 damage, and have 8/62 hp.
You hit the orc warrior.
The orc warrior is moderately wounded.
The orc warrior hits you with a +0 dire flail.
* * * LOW HITPOINT WARNING * * *
You take 4 damage, and have 4/62 hp.
You hit the orc warrior. You tail-slap the orc warrior.
The orc warrior looks weaker.
The orc warrior is heavily wounded.
The orc warrior hits you with a +0 dire flail!
You die...

#...#...#....)#
#####..##'##...).#####
#..##..##..####......#
#.............#......#
#.............#......#
#.............#.†....#
#..######.....#......#
###'##..##.....#o.....#
#....#..##.....#@.....#
#....#.........#......#
#...###'##.....'......#
######..##.....#......#
#..........#......#
#..........####'###
##<........##.....#
######....##.....#
.....#......#


You could see an orc warrior (weak).

Vanquished Creatures
  Pikel (D:5)
  Sigmund (D:3)
  A sky beast (D:6)
  A black bear (D:5)
  2 ogres (D:5)
  2 lemures (D:5)
  2 phantoms
  A scorpion (D:6)
  A howler monkey (D:4)
  3 hounds
  An orc priest (D:5)
  Natasha (thrice) (D:3)
  Terence (D:3)
  2 iguanas
  An orc wizard (D:6)
  7 gnolls
  10 adders
  A shadow imp (D:5)
  3 ufetubi (D:5)
  7 worms
  A dart slug (D:1)
  8 orcs
  7 endoplasms
  2 giant cockroaches
  8 goblins
  8 hobgoblins
  9 jackals
  10 kobolds
  2 quokkas
  5 ball pythons
  4 bats
  5 frilled lizards
  5 rats
125 creatures vanquished.

Notes
Turn   | Place    | Note
-------+----------+-------------------------------------------
     0 | D:1      | jasper the Demonspawn Gladiator began the quest for the
                  | Orb.
     0 | D:1      | Reached XP level 1. HP: 16/16 MP: 1/1
   183 | D:1      | Reached skill level 3 in Unarmed Combat
   250 | D:1      | Discovered your monstrous ancestry.
   250 | D:1      | Gained mutation: You have a small tail. [demonic ancestry]
   250 | D:1      | Reached XP level 2. HP: 23/23 MP: 2/2
   740 | D:2      | Gained mutation: You have a pair of small antennae on your
                  | head. [demonic ancestry]
   740 | D:2      | Reached XP level 3. HP: 28/28 MP: 3/3
   985 | D:2      | Gained mutation: Spells you cast may paralyse adjacent
                  | enemies. [demonic ancestry]
   985 | D:2      | Reached XP level 4. HP: 30/35 MP: 4/4
  1131 | D:2      | Reached skill level 1 in Shields
  1243 | D:2      | Reached skill level 1 in Armour
  1580 | D:3      | Noticed Sigmund
  1599 | D:3      | Killed Sigmund
  1600 | D:3      | Reached skill level 4 in Unarmed Combat
  1600 | D:3      | Reached XP level 5. HP: 41/41 MP: 5/5
  1600 | D:3      | Gained mutation: You have a tail ending in a sharp stinger.
                  | [demonic ancestry]
  1600 | D:3      | Reached XP level 6. HP: 47/47 MP: 6/6
  1836 | D:3      | Noticed Terence
  1863 | D:3      | Killed Terence
  1989 | D:3      | Noticed Natasha
  2006 | D:3      | Killed Natasha
  2100 | D:3      | Noticed Natasha
  2108 | D:3      | Killed Natasha
  2211 | D:3      | Found a shimmering blue altar of Sif Muna.
  2213 | D:3      | Noticed Natasha
  2223 | D:3      | Killed Natasha
  2467 | D:4      | Identified the +5 ring mail "Ritaitoi" {rC+ Int+2}
  2479 | D:4      | Found Jeoshuma's Antique Weapon Shop.
  2604 | D:4      | Found Duerozumm's Antique Weapon Shop.
  2622 | D:4      | Reached skill level 5 in Unarmed Combat
  2649 | D:4      | Gained mutation: You have a sharp stinger which inflicts
                  | weakening toxins. [demonic ancestry]
  2649 | D:4      | Reached XP level 7. HP: 35/54 MP: 7/7
  2826 | D:4      | Found a staircase to the Ecumenical Temple.
  2839 | Temple   | Entered the Ecumenical Temple
  3413 | D:4      | Found Xiry's General Store.
  3422 | D:4      | Bought a potion of curing for 36 gold pieces
  3422 | D:4      | Bought a potion of curing for 36 gold pieces
  3422 | D:4      | Bought a scroll of immolation for 48 gold pieces
  3495 | D:4      | Found Reimulimay's Antique Armour Shoppe.
  3602 | D:4      | Found an opulent altar of Gozag.
  3602 | D:4      | Found a sacrificial altar of Ru.
  3602 | D:4      | Found a burning altar of Makhleb.
  3618 | D:4      | Found a snail-covered altar of Cheibriados.
  3619 | D:4      | Found a bloodstained altar of Trog.
  3621 | D:4      | Found an iron altar of Okawaru.
  3622 | D:4      | Found a basalt altar of Yredelemnul.
  3629 | D:4      | Found a radiant altar of Vehumet.
  3630 | D:4      | Found a hide-covered altar of Uskayaw.
  3631 | D:4      | Became a worshipper of Warmaster Okawaru
  3636 | D:4      | Identified the +5 mace of Ruination {protect, +Blink}
  3821 | D:5      | Entered Level 5 of the Dungeon
  3974 | D:5      | Noticed Pikel
  4036 | D:5      | Killed Pikel
  4036 | D:5      | Reached * piety under Okawaru
  4037 | D:5      | Reached skill level 5 in Fighting
  4037 | D:5      | Reached skill level 6 in Unarmed Combat
  4037 | D:5      | Gained mutation: Your touch may inflict minor irresistible
                  | damage on your foes. [demonic ancestry]
  4037 | D:5      | Reached XP level 8. HP: 42/62 MP: 8/8
  4471 | D:5      | Reached skill level 1 in Invocations
  4606 | D:5      | Reached ** piety under Okawaru
  5217 | D:5      | HP: 3/62 [steam dragon (4)]
  5514 | D:6      | HP: 3/62 [orc warrior/+0 dire flail (16)]
  5521 | D:6      | Slain by an orc warrior

Illustrated notes

Levels and vault maps discovered:
D:1:      giann_forest_graveyard, layout_basic
D:2:      layout_rooms
D:3:      layout_basic, mainiacjoe_overflow_catwalk_spiral, uniq_natasha,
          uniq_terence, uniq_sigmund
D:4:      layout_basic, nicolae_overflow_hallway_of_the_gods,
          minmay_temple_entry_junction, serial_shops, shop, shop, shop,
          nicolae_stop_n_shop_2
D:5:      layout_basic, kennysheep_opposing_triangles, uniq_pikel
D:6:      layout_gridville, kennysheep_small_square
Temple:   nicolae_temple_two_arcs

Skill      XL: |  1  2  3  4  5  6  7  8 |
---------------+-------------------------+-----
Unarmed Combat | 3 4 5 6 |  6.8
Fighting       | 3 4 5 |  5.3
Shields        | 1 2 3 4 |  4.0
Armour         | 1 2 3 4 |  4.0
Throwing       | 3 |  3.0
Invocations    | 3 |  3.0
Dodging        | |  2.6

Action                     |  1- 3 |  4- 6 |  7- 9 || total
---------------------------+-------+-------+-------++-------
  Melee: Unarmed           |   150 |   248 |   223 ||   621
         Punch             |     8 |     6 |    12 ||    26
         Tailslap          |    11 |    40 |    44 ||    95
         Touch             |       |       |     9 ||     9
  Throw: Throwing net      |       |     3 |     1 ||     4
         Stone             |       |     1 |     4 ||     5
         Javelin           |       |       |     1 ||     1
 Invoke: Heroism           |       |       |     1 ||     1
    Use: Scroll            |     5 |     4 |     7 ||    16
         Potion            |       |     1 |     8 ||     9
   Stab: Held in net/web   |       |     2 |     1 ||     3
 Armour: Leather armour    |     4 |       |       ||     4
         Fire dragon scale |    63 |    58 |    17 ||   138
         Ring mail         |       |    14 |    70 ||    84
  Dodge: Dodged            |    68 |    98 |   112 ||   278
  Block: Kite shield       |       |       |    13 ||    13

Table legend: (Time is in decaauts)
 A = Elapsed time spent in this place.
 B = Non-inter-level travel time spent in this place.
 C = Inter-level travel time spent in this place.
 D = Time resting spent in this place.
 E = Time spent auto-exploring this place.
 F = Levels seen in this place.
 G = Mean time per level.
                   A        B        C        D        E       F      G
               +--------+--------+--------+--------+--------+-----+--------+
         Total |   5453 |   5303 |    150 |    480 |   3545 |   7 |  779.0 |
       Dungeon |   5332 |   5188 |    144 |    480 |   3438 |   6 |  888.7 |
        Temple |    121 |    115 |      6 |      0 |    107 |   1 |  121.0 |
               +--------+--------+--------+--------+--------+-----+--------+

Top non-repeatable levels by time:
     D:5: 1517 daAuts
     D:4: 1259 daAuts
     D:3: 913 daAuts
     D:2: 769 daAuts
     D:1: 720 daAuts
     D:6: 152 daAuts
  Temple: 121 daAuts
